 Dungeon Crawl Stone Soup version 0.24-a0-537-g2d01d4ab0a (webtiles) character file.

Game seed: 9819026913743021303

471 Delarado the Changer (level 7, -7/43 HPs)
             Began as an Octopode Transmuter on Aug 15, 2019.
             Was an Initiate of Gozag.
             Mangled by an ogre
             ... wielding a +0 giant spiked club
              (34 damage)
             ... on level 5 of the Dungeon on Aug 16, 2019.
             The game lasted 00:22:46 (5715 turns).

Delarado the Changer (Octopode Transmuter)          Turns: 5715, Time: 00:22:48

Health: -7/43      AC:  2    Str:  9    XL:     7   Next: 9%
Magic:  7/10       EV: 21    Int: 18    God:    Gozag
Gold:   110        SH:  0    Dex: 17    Spells: 4/10 levels left

rFire    . . .     SeeInvis .     - Unarmed
rCold    . . .     Gourm    .   (shield currently unavailable)
rNeg     . . .     Faith    .   (helmet currently unavailable)
rPois    x         Spirit   .   (no amulet)
rElec    .         Reflect  .   (no ring)
rCorr    .         Harm     .   (no ring)
MR       .....                  (no ring)
Stlth    ++........             (no ring)
HPRegen  0.14/turn              (no ring)
MPRegen  0.12/turn              (no ring)
                                (no ring)
                                (no ring)

@: spider-form
A: tiny, almost no armour, stealthy swim, (amphibious), 8 rings, (constrict 8)
a: End Transformation, Potion Petition, Call Merchant, Bribe Branch, Renounce
Religion


You were on level 5 of the Dungeon.
You worshipped Gozag.
Gozag was aware of your devotion.
You were not hungry.
You were a venomous arachnid creature.
You visited 1 branch of the dungeon, and saw 5 of its levels.

You collected 140 gold pieces.
You paid 30 gold pieces to Gozag.

Inventory:

Missiles
 a - 69 arrows
 h - 111 stones (quivered)
 p - 2 silver boomerangs
Armour
 l - a +0 buckler
Scrolls
 b - 2 scrolls of enchant weapon {unknown}
 d - 5 scrolls of teleportation
 m - a scroll of magic mapping {unknown}
 o - a scroll of remove curse
 q - a scroll of random uselessness {unknown}
 r - a scroll of fog {unknown}
Potions
 e - a potion of cancellation
 f - a potion of might
 g - a potion of lignification
 i - 2 potions of brilliance
 j - a potion of flight {unknown}
 k - 3 potions of curing
 n - a potion of degeneration {unknown}
Comestibles
 c - 7 rations


   Skills:
 - Level 1.0 Fighting
 + Level 3.0 Dodging
 + Level 4.9 Unarmed Combat
 + Level 2.0 Spellcasting
 - Level 5.0 Transmutations
 - Level 3.0 Poison Magic


You had 4 spell levels left.
You knew the following spells:

 Your Spells              Type           Power        Failure   Level  Hunger
a - Beastly Appendage     Tmut           ###...       9%          1    #......
b - Sticks to Snakes      Tmut           ###.....     12%         2    ###....
c - Spider Form           Tmut/Pois      ###.......   26%         3    ###....

Your spell library contained the following spells:

 Spells                   Type           Power        Failure   Level  Hunger
 Magic Dart               Conj           #...         38%         1    #......
 Searing Ray              Conj           #.....       47%         2    ###....
 Dazzling Spray           Conj/Hex       #.....       69%         3    ###....
 Ice Form                 Ice/Tmut       ##......     75%         4    #####..
 Force Lance              Conj/Tloc      #.......     96%         4    #####..
 Fulminant Prism          Conj/Hex       #.........   96%         4    #####..
 Iskenderun's Mystic Bla  Conj           #.......     96%         4    #####..
 Blade Hands              Tmut           ###.......   75%         5    ######.


Dungeon Overview and Level Annotations

Branches:
Dungeon (5/15)
 Temple: D:4-7

Altars:
Elyvilon
Gozag
Nemelex Xobeh
Okawaru
Qazlal
Uskayaw
The Shining One

Shops:
D:4 [

Annotations:
D:4 1 runed translucent door, Sigmund; hemabe's ghost, amateur HuAr


Innate Abilities, Weirdness & Mutations

You cannot wear most types of armour.
You are very stealthy in the water. (Stealth+)
((You are amphibious.))
You can wear up to eight rings at the same time.
((You can use your tentacles to constrict eight enemies at once.))
((Your skin changes colour to match your surroundings (Stealth+).))
((Your rubbery body absorbs attacks. (AC +1, EV +1)))


Message History

The hound bites you.
You barely miss the ogre. The hound closely misses you.
The ogre barely misses you. The hound bites you.
You hit the ogre.
The ogre is lightly wounded.
The hound closely misses you. The ogre misses you.
You hit the ogre but do no damage.
The ogre is lightly wounded.
The hound bites you but does no damage. The hound bites you.
You bite the ogre!
The ogre is poisoned.
The ogre is heavily wounded.
The ogre misses you. The hound misses you.
An adder comes into view.
You hit the ogre.
The ogre looks as sick as possible!
The ogre is severely wounded.
The hound bites you.
The ogre hits you with a +0 giant spiked club!!
Ouch! That really hurt!
You die...
Your body crumbles into a pile of gold.

#. #.#.# S#
#..##.#.##.
#..##.#...
###..#.....
...>......
#..#...#
#....hO#
#.###s.#
#<.....#
######.#
... ####


You could see an ogre, a hound and an adder.

Vanquished Creatures
  Blork the orc (D:4)
  A crimson imp (D:4)
  A hound (D:5)
  A centaur skeleton (D:4)
  An orc wizard (D:4)
  An iguana (D:4)
  Natasha (twice) (D:3)
  A gnoll (D:1)
  5 adders
  4 dart slugs
  4 leopard geckos
  15 orcs
  2 giant cockroaches
  17 goblins
  7 hobgoblins
  A quokka (D:1)
  A ball python (D:3)
  5 bats
  7 frilled lizards
  A goblin zombie (D:4)
  3 hobgoblin zombies (D:4)
  14 kobolds
  3 kobold skeletons (D:4)
  A kobold zombie (D:4)
  An orc skeleton (D:4)
  An orc zombie (D:4)
  24 rats
125 creatures vanquished.

Vanquished Creatures (collateral kills)
  Natasha (D:3)
  Robin (D:2)
  3 goblins (D:2)
  5 rats (D:2)
10 creatures vanquished.

Grand Total: 135 creatures vanquished

Notes
Turn   | Place    | Note
-------+----------+-------------------------------------------
     0 | D:1      | Delarado the Octopode Transmuter began the quest for the
                  | Orb.
     0 | D:1      | Reached XP level 1. HP: 13/13 MP: 3/3
   165 | D:1      | Reached XP level 2. HP: 18/18 MP: 3/5
   246 | D:1      | Reached skill level 3 in Transmutations
   440 | D:1      | Reached XP level 3. HP: 13/23 MP: 4/6
   584 | D:1      | Learned a level 2 spell: Sticks to Snakes
   588 | D:1      | Learned a level 3 spell: Spider Form
   660 | D:1      | Reached skill level 1 in Poison Magic
  1655 | D:2      | Found an iron altar of Okawaru.
  1678 | D:2      | Reached XP level 4. HP: 25/28 MP: 7/7
  1930 | D:2      | Noticed Robin
  2393 | D:2      | Killed Robin
  2616 | D:2      | Reached skill level 4 in Transmutations
  3102 | D:3      | Noticed Natasha
  3115 | D:3      | Killed Natasha
  3115 | D:3      | Reached XP level 5. HP: 27/33 MP: 2/8
  3230 | D:3      | Found a hide-covered altar of Uskayaw.
  3231 | D:3      | Found a stormy altar of Qazlal.
  3231 | D:3      | Found a white marble altar of Elyvilon.
  3737 | D:3      | Noticed Natasha
  3745 | D:3      | Killed Natasha
  3809 | D:3      | Noticed Natasha
  3819 | D:3      | Killed Natasha
  3819 | D:3      | Reached skill level 5 in Transmutations
  4075 | D:4      | Noticed Sigmund
  4089 | D:4      | Found a runed translucent door.
  4134 | D:4      | Found a glowing golden altar of the Shining One.
  4142 | D:4      | Reached XP level 6. HP: 34/38 MP: 7/9
  4605 | D:4      | Noticed hemabe's ghost (amateur HuAr)
  4698 | D:4      | Found Geab's Armour Shop.
  5117 | D:4      | Found an opulent altar of Gozag.
  5127 | D:4      | Found a sparkling altar of Nemelex Xobeh.
  5148 | D:4      | Became a worshipper of Gozag Ym Sagoz the Greedy
  5439 | D:5      | Entered Level 5 of the Dungeon
  5511 | D:5      | Noticed a phantom
  5538 | D:4      | Noticed Blork the orc
  5547 | D:4      | Killed Blork the orc
  5547 | D:4      | Reached XP level 7. HP: 26/43 MP: 6/10
  5715 | D:5      | Mangled by an ogre

Levels and vault maps discovered:
D:1:      matt_arrival_diagonals, layout_rooms, minmay_split_cup_large
D:2:      layout_rooms, overflow_temple_1_default, kennysheep_nub,
          minmay_rat_hole, uniq_robin
D:3:      layout_rooms, chequers_temple_overflow_statue_of_worship,
          kennysheep_generic_room_4, uniq_natasha
D:4:      layout_basic, grunt_temple_overflow_opulence,
          nicolae_tso_besieged_by_evil, nicolae_ossuary_entry_catacombs,
          hellmonk_ghost_happy_afterlife, serial_shops, kennysheep_little_box,
          shop_statue, uniq_blork_the_orc, uniq_sigmund
D:5:      layout_loops_ring, first_ration, uniq_crazy_yiuf_cottage

Skill      XL: |  1  2  3  4  5  6 |
---------------+-------------------+-----
Transmutations | 3 4 5 |  5.0
Poison Magic   | 1 3 |  3.0
Unarmed Combat | 4 |  4.9
Dodging        | 3 |  3.0
Fighting       | |  1.0
Spellcasting   | |  2.0

Action                   |  1- 3 |  4- 6 |  7- 9 || total
-------------------------+-------+-------+-------++-------
Melee: Unarmed           |    69 |   191 |     7 ||   267
       Constrict         |    27 |    50 |     1 ||    78
       Kick              |    20 |    35 |       ||    55
       Tentacles         |     6 |    28 |       ||    34
       Punch             |       |     5 |       ||     5
Throw: Stone             |     6 |    20 |       ||    26
       Javelin           |       |    17 |       ||    17
 Cast: Beastly Appendage |    13 |    32 |     1 ||    46
       Sticks to Snakes  |       |     9 |       ||     9
       Spider Form       |       |     2 |     1 ||     3
  Use: Scroll            |       |     5 |       ||     5
       Potion            |       |     4 |       ||     4
 Stab: Sleeping          |     2 |     4 |       ||     6
  Eat: Chunk             |     2 |    13 |       ||    15
       Ration            |       |       |     1 ||     1
Armor: Skin              |     4 |     8 |     1 ||    13
Dodge: Dodged            |    39 |    99 |    10 ||   148

Table legend:
 A = Non-vault XP
 B = Vault XP
 C = Vault XP percentage of total XP
 D = Non-vault monster count
 E = Vault monster count
 F = Vault count percentage of total count
                 A         B        C        D         E       F
            +---------+---------+-------+---------+---------+-------
      Total |     446 |     227 |  33.7 |      90 |      45 |  33.3
            +---------+---------+-------+---------+---------+-------
        D:1 |      54 |      11 |  16.9 |      24 |       6 |  20.0
        D:2 |      56 |      32 |  36.4 |      20 |      24 |  54.5
        D:3 |     123 |      34 |  21.7 |      25 |       3 |  10.7
        D:4 |     168 |     150 |  47.2 |      20 |      12 |  37.5
        D:5 |      45 |       0 |   0.0 |       1 |       0 |   0.0
            +---------+---------+-------+---------+---------+-------
